Unix NetHack Version 5.0.0-0 post-release - last build May 22 2026 02:22:16 (99d1c3b6dc4b13757aaa5824b55bdea4e1e63757,branch:main).

Game began 2026-05-22 20:31:55, ended 2026-05-22 21:06:29.

Jobair, neutral female human Tourist

                                         --------------
     -------      ----------------       |.............#      -------
     |....@|      |........)......#      |......>_....|#     #......|
     |.....|      |.......).))...|0######.............|#    ##|.....|
     |......######%.......)).....|       --------------#   ## |.....|
     -----.-    # -------------.--              ##    ######  |.....|
        ###     #             ##                #### # #      ----.--
        #       #             #                 ##    ##       ####
        #       #             #         ##########    #        #
        #       #             #        ##      ###    #  #    ##
  ------|------ #           --.--------.----   #     #####   ##
  |...........|##           |..............| ###     #-------.------
  |............###          |..............| #    ####|............|
  |...........|#            |...............#######  #|............|
  |............#            |..............|         #|............|
  -------------             ----------------         #|............|
                                                     #-............|
                                                      --------------

Jobair the Excursionist     St:11 Dx:14 Co:18 In:12 Wi:8 Ch:14  Neutral
Dlvl:7  $:157 HP:0(61) Pw:28(28) AC:0  Xp:6 T:3913  Hungry   Blind

Latest messages:
 You miss the wolf.
 The wolf bites!
 Godzilla bites the wolf.
 You miss the wolf.
 The wolf bites!
 Godzilla misses the wolf.
 You hit the wolf!
 The wolf bites!
 Godzilla bites the wolf.
 The wolf misses Godzilla.
 You hit the wolf.
 The wolf bites!
 Godzilla bites the wolf.
 The wolf misses Godzilla.
 You miss the wolf.
 The wolf bites!
 Godzilla bites the wolf.
 The wolf misses Godzilla.
 You kill the wolf!
 Godzilla bites the wolf.
 The wolf is killed!
 Godzilla eats a wolf corpse.
 You hit the wolf!
 The wolf bites!
 What do you want to use or apply?
 In what direction? 6
 The wolf is blinded by the flash!
 The wolf turns to flee.
 The wolf bites!
 You climb up the stairs.
 You descend the stairs.
 What do you want to eat?
 Blecch!  Rotten food!
 Everything suddenly goes dark.
 What do you want to eat?
 Core dumped.
 You only feel hungry now.
 It misses!
 You hit it.
 It bites!
 You miss it.
 It bites!
 You miss it.
 It bites!
 You die...
 Do you want your possessions identified? [ynq] (y) y
 Do you want to see your attributes? [ynq] (y) y
 Do you want an account of creatures vanquished? [ynaq] (y) y
 Do you want to see your conduct and achievements? [ynq] (y) y
 Do you want to see the dungeon overview? [ynq] (y) y

Inventory:
 Coins    ('$')
  $ - 157 gold pieces
 Weapons  (')')
  y - 7 +0 crossbow bolts
  Z - a poisoned +0 orcish arrow
  n - a +0 orcish bow
  q - 10 blessed +0 darts
  a - a +2 dart (at the ready)
  p - 7 cursed +0 darts
  Y - a +0 elven dagger
  r - a +0 two-handed sword (weapon in hands)
 Armor    ('[')
  m - an uncursed +0 orcish helm (being worn)
  o - a blessed +1 pair of iron shoes (being worn)
  j - an uncursed +0 Hawaiian shirt with a ukulele motif (being worn)
  P - an uncursed +0 dwarvish mithril-coat (being worn)
 Comestibles  ('%')
  d - 2 uncursed food rations
  c - an uncursed tripe ration
  v - an uncursed lizard corpse
 Scrolls  ('?')
  U - an uncursed scroll of light
 Potions  ('!')
  h - a blessed potion of extra healing
  g - 2 uncursed potions of extra healing
  S - an uncursed potion of gain energy
  T - a cursed potion of gain energy
  t - a blessed potion of healing
  i - 2 uncursed potions of paralysis
 Tools    ('(')
  l - an uncursed credit card
  k - an expensive camera (0:45)
  W - an uncursed tin opener
 Gems/Stones  ('*')
  s - an uncursed aquamarine stone
  u - an uncursed worthless piece of blue glass
  V - 2 cursed worthless pieces of blue glass
  x - an uncursed worthless piece of orange glass

Jobair the Tourist's attributes:

Background:
 You were an Excursionist, a level 6 female human Tourist.
 You were neutral, on a mission for The Lady
 who was opposed by Blind Io (lawful) and Offler (chaotic).
 You were right-handed.
 You were in the Dungeons of Doom, on level 7.
 You entered the dungeon 3913 turns ago.
 You had 475 experience points, 165 more were needed to attain level 7.

Basics:
 You had 0 out of 61 hit points.
 You had all 28 energy points (spell power).
 Your armor class was 0.
 Your wallet contained 157 zorkmids.
 Autopickup was off.

Final Characteristics:
 Your strength was 11 (limit:18/100).
 Your dexterity was 14 (limit:18).
 Your constitution was 18 (limit:18).
 Your intelligence was 12 (limit:18).
 Your wisdom was 8 (limit:18).
 Your charisma was 14 (limit:18).

Final Status:
 You were temporarily blind.
 You were hungry.
 You were unencumbered.
 You were wielding a two-handed sword.
 You were unskilled in two-handed sword and could have enhanced that.

Final Attributes:
 You were piously aligned.
 You were guarded.
 You were lucky.
 You are dead.

Miscellaneous:
 You didn't encounter any bones levels.
 Total elapsed playing time was 34 minutes and 29 seconds.

Major events:
 Turn
    1: Jobair the neutral female human Tourist entered the dungeon
  732: attained the rank of Sightseer (level 3)
 1181: entered the Gnomish Mines
 3219: attained the rank of Excursionist (level 6)
 3913: killed by a wolf

You didn't know any spells.

Skills:
 Fighting Skills
   bare handed combat [Unskilled]
   two weapon combat  [Unskilled]
   riding             [Unskilled]
 Weapon Skills
   dagger             [Unskilled]
   knife              [Unskilled]
   axe                [Unskilled]
   pick-axe           [Unskilled]
   short sword        [Unskilled]
   broadsword         [Unskilled]
   long sword         [Unskilled]
   two-handed sword   [Unskilled]
   saber              [Unskilled]
   mace               [Unskilled]
   morning star       [Unskilled]
   flail              [Unskilled]
   hammer             [Unskilled]
   quarterstaff       [Unskilled]
   polearms           [Unskilled]
   spear              [Unskilled]
   trident            [Unskilled]
   lance              [Unskilled]
   bow                [Unskilled]
   sling              [Unskilled]
   crossbow           [Unskilled]
   dart               [Basic]
   shuriken           [Unskilled]
   boomerang          [Unskilled]
   whip               [Unskilled]
   unicorn horn       [Unskilled]
 Spellcasting Skills
   divination spells  [Unskilled]
   enchantment spells [Unskilled]
   escape spells      [Unskilled]

Voluntary challenges:
 Character rerolling was not enabled.
 You were illiterate.
 You never genocided any monsters.
 You never polymorphed an object.
 You never changed form.
 You used no wishes.
Achievements:
 You attained the rank of Sightseer.
 You entered a shop.
 You entered the Gnomish Mines.
 You attained the rank of Excursionist.

 The Dungeons of Doom: levels 1 to 7
    Level 1:
    Level 2:
       A ring shop.
       Stairs down to The Gnomish Mines.
    Level 3:
       Some fountains, a sink.
    Level 4:
       A sink.
    Level 5:
    Level 6:
       A fountain.
    Level 7: <- You were here.
       An altar to The Lady, a fountain.
       Final resting place for
          you, killed by a wolf.
 The Gnomish Mines:
    Level 3:


Vanquished creatures:
  2 wolves
  a lizard
  a blue jelly
  2 Uruk-hai
 an orc shaman
  a rock piercer
  a rock mole
  2 fog clouds
  a gray ooze
  4 giant ants
  a floating eye
  a homunculus
  a rothe
  a rabid rat
  a centipede
  2 giant bats
  a monkey
 an orc zombie
  a dwarf zombie
  2 wererats
  3 iguanas
  4 killer bees
  2 coyotes
  3 hobbits
  5 manes
  a large kobold
  a hobgoblin
  3 giant rats
  a brown mold
  a yellow mold
  4 geckos
  a jackal
  2 foxes
  a kobold
  4 goblins
  2 sewer rats
  3 grid bugs
  4 lichens
  a kobold zombie
 10 newts
84 creatures vanquished.

No species were genocided or became extinct.

Game over:
                       ----------
                      /          \
                     /    REST    \
                    /      IN      \
                   /     PEACE      \
                  /                  \
                  |      Jobair      |
                  |      157 Au      |
                  | killed by a wolf |
                  |                  |
                  |                  |
                  |                  |
                  |       2026       |
                 *|     *  *  *      | *
        _________)/\\_//(\/(/\)/\//\/|_)_______

Aloha Jobair the Tourist...

You died in The Dungeons of Doom on dungeon level 7 with 2328 points,
and 157 pieces of gold, after 3913 moves.
You were level 6 with a maximum of 61 hit points when you died.

